AoeStats
← Malelf

Arabia

509141998Analyzed
1v1 RM · 6d ago on Sep 25, 2026· 30m 54s· 2 players
Game mode
Random Map
Map size
Tiny (2 player)
Population
200
Speed
Normal
Resources
Standard
Victory
Conquest
Starting age
Dark Age
Ending age
Imperial Age
RankedLock teamsTeams togetherTeam positionsShared explorationLock speedFull tech treeHidden civsTurbo modeCheats
Victory
Defeat
🇩🇪 Aztecs · Germany
1881
+8
🇮🇹 Britons · Italy
1689
-8
Malelf
5:58 Loom
8:38 Feudal Age
9:06 Double-Bit Axe
10:08 Horse Collar
19:44 Castle Age
19:36 Wheelbarrow
19:07 Fletching
19:30 Gold Mining
19:50 Crossbowman
21:54 Bodkin Arrow
28:29 Bow Saw
Jayklops
6:31 Loom
9:19 Feudal Age
10:20 Double-Bit Axe
10:16 Horse Collar
14:54 Fletching
20:59 Castle Age
19:44 Padded Archer Armor
21:43 Bodkin Arrow
21:09 Elite Skirmisher
22:32 Bow Saw
22:23 Heavy Plow
23:02 Leather Archer Armor
23:24 Wheelbarrow
Connection lost

Rejoining the realm…

Still unreachable

The connection could not be restored.

Session expired

The server has moved on; the page needs a fresh start.